 Dungeon Crawl Stone Soup version 0.25-a0-340-ga1faa1601d (webtiles) character file.

Game seed: 9085196495910214713, levelgen mode: deterministic

360 night the Magician (level 6, -3/46 HPs)
             Began as a Mummy Fire Elementalist on Dec 29, 2019.
             Slain by an ogre
             ... wielding a +0 giant club
              (9 damage)
             ... on level 4 of the Dungeon.
             The game lasted 00:08:35 (3369 turns).

night the Magician (Mummy Fire Elementalist)        Turns: 3369, Time: 00:08:36

Health: -3/46      AC:  5    Str: 14    XL:     6   Next: 38%
Magic:  7/13       EV: 12    Int: 22    God:
Gold:   119        SH:  0    Dex: 12    Spells: 4/14 levels left

rFire    x . .     SeeInvis .   m - +3 mace (protect)
rCold    + . .     Gourm    .   (no shield)
rNeg     + + +     Faith    .   a - +0 robe
rPois    ∞         Spirit   .   k - +1 helmet
rElec    .         Reflect  .   (no cloak)
rCorr    .         Harm     .   b - +0 pair of gloves
MR       .....                  (no boots)
Stlth    ++........             (no amulet)
HPRegen  0.15/turn              c - +5 ring of intelligence
MPRegen  0.13/turn              e - +3 ring of strength

@: very slightly contaminated
A: no food or potions, fire vulnerability, cold resistance 1, negative energy
resistance 3, torment resistance, unbreathing
a: no special abilities


You were on level 4 of the Dungeon.
You were not hungry.

You visited 1 branch of the dungeon, and saw 4 of its levels.

You collected 119 gold pieces.

Inventory:

Hand Weapons
 l - a +3 dagger of freezing
 m - a +3 mace of protection (weapon)
Missiles
 i - 168 stones (quivered)
 j - 19 bolts
 o - 12 arrows
 t - 20 sling bullets
 v - 3 atropa-tipped darts
Armour
 a - a +0 robe (worn)
 b - a +0 pair of gloves (worn)
 k - a +1 helmet (worn)
 r - a +0 scale mail
Jewellery
 c - a +5 ring of intelligence (left hand)
 e - a +3 ring of strength (right hand)
 n - an uncursed ring of protection from magic {unknown}
Scrolls
 d - 2 scrolls of identify {unknown}
 f - a scroll of fear {unknown}
 g - 2 scrolls of amnesia {unknown}
 h - a scroll of teleportation {unknown}
 p - a scroll of immolation {unknown}
 q - a scroll of enchant weapon {unknown}
 s - a scroll of noise {unknown}
 u - a scroll of remove curse {unknown}


   Skills:
 + Level 2.9 Fighting
 - Level 1.5 Dodging
 - Level 1.5 Stealth
 + Level 4.7 Spellcasting
 + Level 2.6 Conjurations
 + Level 3.6 Fire Magic


You had 4 spell levels left.
You knew the following spells:

 Your Spells              Type           Power        Failure   Level  Hunger
a - Foxfire               Conj/Fire      ###.         2%          1    N/A
b - Sticky Flame          Conj/Fire      ###.....     28%         4    N/A
c - Fireball              Conj/Fire      ###.......   61%         5    N/A

Your spell library contained the following spells:

 Spells                   Type           Power        Failure   Level  Hunger
 Conjure Flame            Conj/Fire      ###.....     9%          3    N/A
 Inner Flame              Hex/Fire       ##......     14%         3    N/A

Dungeon Overview and Level Annotations

Branches:
Dungeon (4/15)
 Temple: D:4-7

Altars:
Hepliaklqana
Kikubaaqudgha
Nemelex Xobeh
Ru

Shops:
D:4 !


Innate Abilities, Weirdness & Mutations

You do not eat or drink.
Your flesh is vulnerable to fire.
You are immune to poison.
Your flesh is cold resistant. (rC+)
You are immune to negative energy. (rN+++)
You are immune to unholy pain and torment.
You can survive without breathing.


Message History

The ogre is severely wounded.
The ogre hits you with a +0 giant club!!
Casting: Foxfire (safe; 2% risk of failure)
Confirm with . or Enter, or press ? or * to list all spells.
You conjure some foxfire!
The ogre hits you with a +0 giant club!!
* * * LOW HITPOINT WARNING * * *
The foxfire hits the ogre but does no damage.
The ogre is severely wounded.
The foxfire hits the ogre.
The ogre is severely wounded.
Casting: Foxfire (safe; 2% risk of failure)
Confirm with . or Enter, or press ? or * to list all spells.
You miscast Foxfire.
Nothing appears to happen.
The ogre hits you with a +0 giant club.
* * * LOW HITPOINT WARNING * * *
Casting: Foxfire (safe; 2% risk of failure)
Confirm with . or Enter, or press ? or * to list all spells.
You conjure some foxfire!
The ogre hits you with a +0 giant club!
You die...

#.# #.# #.#
#.# #.# #.#
..#####O####
#......@v..#
#######v##..#
#..#####..#
....
#.......##
##..
######.#### .
##....#
###..##.).#
#. #...##
#...##.# #.
#.### #....#
#.


You could see an ogre.

Vanquished Creatures
  An ogre (D:4)
  A hound (D:4)
  An orc priest (D:4)
  Natasha (thrice) (D:2)
  Robin (D:2)
  4 adders
  2 worms
  4 dart slugs
  4 orcs
  A ball python (D:3)
  7 bats
  2 bat zombies (D:3)
  6 giant cockroaches
  14 goblins
  8 hobgoblins
  4 quokkas
  2 frilled lizards
  10 kobolds
  8 rats
83 creatures vanquished.

Vanquished Creatures (others)
  216 foxfires
216 creatures vanquished.

Grand Total: 299 creatures vanquished

Notes
Turn   | Place    | Note
-------+----------+-------------------------------------------
     0 | D:1      | night the Mummy Fire Elementalist began the quest for the
                  | Orb.
     0 | D:1      | Reached XP level 1. HP: 13/13 MP: 4/4
   192 | D:1      | Reached skill level 1 in Conjurations
   195 | D:1      | Reached XP level 2. HP: 15/20 MP: 1/5
   280 | D:1      | Reached skill level 3 in Spellcasting
   549 | D:1      | Reached skill level 1 in Fighting
   948 | D:2      | Reached XP level 3. HP: 26/26 MP: 4/7
   971 | D:2      | Noticed Robin
  1066 | D:2      | Killed Robin
  1245 | D:2      | Noticed Natasha
  1279 | D:2      | Killed Natasha
  1279 | D:2      | Reached XP level 4. HP: 19/33 MP: 5/9
  1409 | D:2      | Learned a level 4 spell: Sticky Flame
  1439 | D:2      | Noticed Natasha
  1448 | D:2      | Killed Natasha
  1502 | D:2      | Noticed Natasha
  1514 | D:2      | Killed Natasha
  1720 | D:2      | Reached skill level 4 in Spellcasting
  1822 | D:2      | Reached XP level 5. HP: 38/38 MP: 9/11
  1829 | D:2      | Learned a level 5 spell: Fireball
  2550 | D:3      | Found a sparkling altar of Nemelex Xobeh.
  2562 | D:3      | Found a hazy altar of Hepliaklqana.
  3041 | D:3      | Found an ancient bone altar of Kikubaaqudgha.
  3130 | D:4      | Found Lucoit's Distillery.
  3165 | D:4      | Noticed an ogre
  3172 | D:4      | Killed an ogre
  3172 | D:4      | Reached XP level 6. HP: 46/46 MP: 8/12
  3286 | D:4      | Found a sacrificial altar of Ru.
  3369 | D:4      | Slain by an ogre

Levels and vault maps discovered:
D:1:      matt_arrival_diagonals, layout_rooms, hangedman_decor_slide_cut,
          minmay_close_crescents
D:2:      layout_loops_cross, uniq_natasha, uniq_robin
D:3:      layout_basic, nemelex_xobeh_ov_fountains_minmay,
          lemuel_zombie_altar_kikubaaqudgha, old_standard_altar, first_ration
D:4:      layout_rooms, serial_shops, kennysheep_little_box,
          nicolae_ru_awakened_eye

Skill      XL: |  1  2  3  4 |
---------------+-------------+-----
Conjurations   | 1 2 |  2.6
Spellcasting   | 3 4 |  4.7
Fighting       | 1 2 |  2.9
Fire Magic     | 3 |  3.6
Dodging        | |  1.5
Stealth        | |  1.5

Action                   |  1- 3 |  4- 6 || total
-------------------------+-------+-------++-------
Melee: Dagger            |    18 |     9 ||    27
       Mace              |       |    10 ||    10
Throw: Stone             |     1 |     1 ||     2
 Cast: Foxfire           |    54 |    75 ||   129
 Stab: Sleeping          |     1 |       ||     1
Armor: Robe              |    16 |    13 ||    29
Dodge: Dodged            |    40 |    37 ||    77

Table legend:
 A = Non-vault XP
 B = Vault XP
 C = Vault XP percentage of total XP
 D = Non-vault monster count
 E = Vault monster count
 F = Vault count percentage of total count
                 A         B        C        D         E       F
            +---------+---------+-------+---------+---------+-------
      Total |     432 |      83 |  16.1 |      63 |      20 |  24.1
            +---------+---------+-------+---------+---------+-------
        D:1 |      26 |      12 |  31.6 |      16 |       6 |  27.3
        D:2 |     126 |      67 |  34.7 |      20 |      12 |  37.5
        D:3 |      61 |       4 |   6.2 |      20 |       2 |   9.1
        D:4 |     219 |       0 |   0.0 |       7 |       0 |   0.0
            +---------+---------+-------+---------+---------+-------
